 Dungeon Crawl Stone Soup version 0.20.0-15-g7f486f2 (webtiles) character file.

13343 grindst0ne the Covert (level 12, -4/84 HPs)
             Began as an Octopode Assassin on June 12, 2017.
             Was a Priest of Dithmenos.
             Slain by an ice beast (12 damage)
             ... summoned by Fannar
             ... on level 1 of the Lair of Beasts.
             The game lasted 00:53:38 (16732 turns).

grindst0ne the Covert (Octopode Assassin)          Turns: 16732, Time: 00:53:39

Health: -4/84      AC:  3    Str: 10    XL:     12   Next: 5%
Magic:  34/34      EV: 20    Int: 19    God:    Dithmenos [***...]
Gold:   811        SH:  0    Dex: 21    Spells: 11/11 levels left

rFire    . . .     SeeInvis +   a - +2 short sword (freeze)
rCold    . . .     Gourm    .   (no shield)
rNeg     . . .     Faith    .   k - +2 hat {MR+}
rPois    .         Spirit   .   (no amulet)
rElec    .         Reflect  .   t - +3 ring of dexterity
rCorr    .         Harm     .   v - +5 ring of intelligence
MR       +....                  C - ring of see invisible
Stlth    ++++++++..             O - ring of magical power
Regen    0.3/turn               i - ring of magical power
MPRegen  0.3/turn               (no ring)
                                (no ring)
                                (no ring)

@: wreathed by umbra, studying Necromancy
A: almost no armour, stealthy swim, amphibious, 8 rings, constrict 8, camouflage
1, gelatinous body 1
a: Shadow Step, Renounce Religion


You were on level 1 of the Lair of Beasts.
You worshipped Dithmenos.
Dithmenos was most pleased with you.
You were very hungry.

You visited 3 branches of the dungeon, and saw 13 of its levels.

You collected 811 gold pieces.

Inventory:

Hand Weapons
 a - a +2 short sword of freezing (weapon)
 b - a +0 blowgun
 n - a +2 dagger
Missiles
 c - 56 poisoned needles
 d - a curare-tipped needle
 K - 5 needles of confusion
Armour
 k - a +2 hat of magic resistance (worn)
Jewellery
 i - a ring of magical power (on tentacle)
 t - a +3 ring of dexterity (left tentacle)
 v - a +5 ring of intelligence (right tentacle)
 C - a ring of see invisible (on tentacle)
 O - a ring of magical power (on tentacle)
Wands
 h - a wand of disintegration (3/24)
 y - a wand of digging (11/24)
 B - a wand of lightning (0/15)
 I - a wand of paralysis (7/24)
 J - a wand of lightning (0/15)
Scrolls
 e - 8 scrolls of remove curse
 o - 4 scrolls of enchant armour
 s - 2 scrolls of teleportation
 w - 4 scrolls of amnesia
 A - a scroll of identify
 E - 4 scrolls of enchant weapon
Potions
 g - 2 potions of heal wounds
 j - a potion of flight
 r - a potion of brilliance
 u - a potion of magic
 D - a potion of degeneration
 H - a potion of resistance
Books
 M - a manual of Necromancy
Miscellaneous
 N - a lamp of fire
Comestibles
 f - 5 bread rations
 p - 14 royal jellies
 x - 10 fruits
 z - 8 meat rations


   Skills:
 + Level 8.3 Fighting
 - Level 10.2 Short Blades
 - Level 7.3 Throwing
 + Level 7.8 Dodging
 - Level 11.1 Stealth
 - Level 3.4 Invocations
 - Level 6.0 Evocations


You had 11 spell levels left.
You didn't know any spells.

Dungeon Overview and Level Annotations

Branches:
Dungeon (11/15)            Temple (1/1) D:5            Lair (1/6) D:10
    Orc: D:9-12

Altars:
Ashenzari
Cheibriados
Dithmenos
Elyvilon
Fedhas
Gozag
Hepliaklqana
Kikubaaqudgha
Makhleb
Nemelex Xobeh
Okawaru
Qazlal
Ru
Sif Muna
Trog
Uskayaw
Vehumet
Xom
Yredelemnul
Zin
The Shining One

Shops:
D:5 %

Annotations:
D:3 exclusion: downstairs
D:9 exclusion: downstairs
Lair:1 Fannar


Innate Abilities, Weirdness & Mutations

You cannot wear most types of armour.
You are very stealthy in the water. (Stealth+)
You are amphibious.
You can wear up to eight rings at the same time.
You can use your tentacles to constrict eight enemies at once.
Your skin changes colour to match your surroundings (Stealth+).
Your rubbery body absorbs attacks. (AC +1, EV +1)


Message History

The ice beast completely resists.
The ice beast completely misses you.
You barely miss Fannar. You squeeze Fannar.
Fannar is almost dead.
You constrict Fannar, but do no damage. The ice beast completely misses you.
Fannar gestures wildly while chanting.
You hit Fannar but do no damage. You squeeze Fannar.
Fannar is almost dead.
You constrict Fannar, but do no damage. The ice beast closely misses you. x2
You hit Fannar but do no damage. You squeeze Fannar.
Fannar is almost dead.
You constrict Fannar, but do no damage. Fannar hits you with a staff of cold.
Fannar freezes you!
* * * LOW HITPOINT WARNING * * *
The ice beast barely misses you. The ice beast misses you.
You hit Fannar but do no damage. You squeeze Fannar.
Fannar is almost dead.
You constrict Fannar. The ice beast hits you.
* * * LOW HITPOINT WARNING * * *
The ice beast freezes you!
You die...

.....# ...... .≈≈≈≈§≈ .....#
##...... ≈≈≈≈§.≈ .....#########
#...... ≈ ≈≈≈≈≈≈≈ ..............
.....#... ≈≈≈§≈≈.
......#P.....P##....#...≈≈≈§§≈§≈.
.....#.........#........§≈≈≈≈≈≈≈.
.....#.........#....#....§≈≈≈≈≈≈.
...............YY...#.....≈≈≈≈≈..
.....#.........#@...#...†.≈≈≈≈≈..
..............Y#eY...(....(≈≈≈≈..
......##.##'###§.......((..≈≈≈≈..
...............§§§.....(....≈≈...
###.#############..#......######.
## #####.#.### ## #####


You could see Fannar and 3 ice beasts.

Vanquished Creatures
  Gastronok (D:10)
  4 two-headed ogres
  A black mamba (Lair:1)
  A komodo dragon (Lair:1)
  A meliai (D:10)
  2 trolls (D:10)
  2 hornets (D:10)
  2 hippogriffs
  5 blink frogs (Lair:1)
  Sigmund (D:5)
  A wraith (D:10)
  A wyvern (D:10)
  4 yaks (D:9)
  Eustachio (D:5)
  2 hungry ghosts (D:7)
  Menkaure (D:5)
  A soldier ant (D:10)
  3 water moccasins
  2 porcupines (Lair:1)
  2 orc warriors
  An ice beast (D:8)
  3 sky beasts
  9 ogres
  A phantom (D:5)
  4 centaurs
  2 big kobolds
  Blork the orc (D:6)
  A gnoll sergeant (D:7)
  5 bullfrogs
  4 scorpions
  A bullfrog zombie (D:7)
  5 crimson imps
  12 hounds
  2 jellies
  5 orc priests (D:7)
  5 orc wizards
  2 centaur skeletons
  3 gnoll shamans (D:7)
  A bullfrog skeleton (D:10)
  5 iguanas
  9 worker ants
  3 hound skeletons
  A worker ant zombie (D:7)
  9 gnolls (D:7)
  14 adders
  2 oozes
  An adder zombie (D:7)
  An adder skeleton (D:7)
  2 worms
  4 leopard geckos
  20 orcs
  12 bats
  4 giant cockroaches
  15 hobgoblins
  5 jackals
  6 quokkas
  A ball python (D:2)
  7 frilled lizards
  5 goblins
  17 kobolds
  A leopard gecko skeleton (D:4)
  10 rats
  2 bushes (D:4)
  A plant (D:4)
262 creatures vanquished.

Vanquished Creatures (others)
  A hippogriff (Lair:1)
  A water moccasin (Lair:1)
  2 fungi (Lair:1)
  A plant (Lair:1)
5 creatures vanquished.

Grand Total: 267 creatures vanquished

Notes
Turn   | Place    | Note
-------+----------+-------------------------------------------
     0 | D:1      | grindst0ne the Octopode Assassin began the quest for the Orb.
     0 | D:1      | Reached XP level 1. HP: 14/14 MP: 1/1
   453 | D:1      | Reached XP level 2. HP: 12/19 MP: 2/2
   719 | D:1      | Reached XP level 3. HP: 21/24 MP: 3/3
   822 | D:1      | Reached skill level 6 in Stealth
  1329 | D:2      | Found a faded altar of an unknown god.
  1909 | D:3      | Reached XP level 4. HP: 29/29 MP: 4/4
  2485 | D:3      | Reached XP level 5. HP: 34/34 MP: 5/5
  2807 | D:4      | Reached skill level 7 in Stealth
  2810 | D:4      | Noticed an ogre
  3070 | D:4      | HP: 1/34 [centaur skeleton (8)]
  3468 | D:4      | Reached XP level 6. HP: 39/39 MP: 6/6
  3676 | D:4      | Reached skill level 8 in Stealth
  3676 | D:4      | Reached XP level 7. HP: 39/45 MP: 7/7
  4191 | D:4      | Reached skill level 5 in Throwing
  4888 | D:5      | Entered Level 5 of the Dungeon
  4896 | D:5      | Reached skill level 5 in Short Blades
  4896 | D:5      | Reached skill level 9 in Stealth
  4997 | D:5      | Reached XP level 8. HP: 50/50 MP: 8/8
  5060 | D:5      | Noticed Eustachio
  5067 | D:5      | Killed Eustachio
  5126 | D:5      | Found a staircase to the Ecumenical Temple.
  5137 | Temple   | Entered the Ecumenical Temple
  5418 | Temple   | Became a worshipper of Dithmenos the Shadowed
  5591 | D:5      | Found Ohiehoex's Food Emporium.
  5591 | D:5      | Noticed Sigmund
  5609 | D:5      | Noticed Menkaure
  5724 | D:5      | Killed Sigmund
  5724 | D:5      | Reached skill level 10 in Stealth
  5992 | D:5      | Killed Menkaure
  6464 | D:6      | Found a shadowy altar of Dithmenos.
  6609 | D:6      | Noticed Blork the orc
  6610 | D:6      | Reached XP level 9. HP: 54/54 MP: 9/9
  6676 | D:6      | Killed Blork the orc
  6922 | D:6      | Reached skill level 11 in Stealth
  7729 | D:7      | Reached * piety under Dithmenos
  8005 | D:7      | Reached skill level 1 in Evocations
  8340 | D:7      | Noticed a two-headed ogre
  8376 | D:7      | Killed a two-headed ogre
  8593 | D:7      | HP: 2/54 [bullfrog zombie (6)]
  8977 | D:7      | Reached XP level 10. HP: 50/60 MP: 13/13
  9189 | D:7      | Reached skill level 5 in Evocations
  9336 | D:7      | HP: 4/90 [kobold (3)]
  9956 | D:7      | Reached ** piety under Dithmenos
 12599 | D:10     | Entered Level 10 of the Dungeon
 12602 | D:10     | Found a staircase to the Lair.
 12782 | D:10     | Reached skill level 10 in Short Blades
 12804 | D:10     | Noticed a two-headed ogre
 12886 | D:10     | Killed a two-headed ogre
 12886 | D:10     | Reached skill level 5 in Fighting
 12886 | D:10     | Reached XP level 11. HP: 71/71 MP: 15/15
 12925 | D:10     | Noticed a two-headed ogre
 12933 | D:10     | Killed a two-headed ogre
 12933 | D:10     | Reached skill level 1 in Invocations
 13003 | D:10     | Noticed a two-headed ogre
 13007 | D:10     | Killed a two-headed ogre
 13007 | D:10     | Reached skill level 5 in Dodging
 13629 | Lair:1   | Entered Level 1 of the Lair of Beasts
 13635 | Lair:1   | Noticed Gastronok
 14890 | D:10     | Killed Gastronok
 15636 | Lair:1   | Reached *** piety under Dithmenos
 16127 | Lair:1   | Reached XP level 12. HP: 52/83 MP: 16/16
 16681 | Lair:1   | Noticed Fannar
 16732 | Lair:1   | Slain by an ice beast

Skill      XL: |  1  2  3  4  5  6  7  8  9 10 11 |
---------------+----------------------------------+-----
Stealth        | 6 7 8 9 10 11 | 11.1
Throwing       | 3 4 5 6 7 |  7.3
Short Blades   | 3 4 5 6 8 10 | 10.2
Evocations     | 4 6 |  6.0
Fighting       | 5 8 |  8.3
Dodging        | 4 7 |  7.8
Invocations    | 3 |  3.4

Action                   |  1- 3 |  4- 6 |  7- 9 | 10-12 || total
-------------------------+-------+-------+-------+-------++-------
Melee: Dagger            |    19 |       |       |       ||    19
       Constrict         |     9 |    23 |    29 |    40 ||   101
       Short sword       |    39 |    81 |   368 |   315 ||   803
       Tentacles         |     6 |    15 |   111 |    64 ||   196
 Fire: Blowgun           |       |    27 |    69 |   136 ||   232
Throw: Throwing net      |       |       |       |     3 ||     3
Evoke: Wand              |       |       |       |    21 ||    21
  Use: Scroll            |    11 |       |       |    15 ||    26
       Potion            |       |     1 |     2 |    12 ||    15
 Stab: Sleeping          |    14 |    13 |    16 |    26 ||    69
       Distracted        |       |     3 |     1 |     2 ||     6
  Eat: Chunk             |     3 |     5 |    15 |    24 ||    47
       Bread ration      |       |       |     1 |     1 ||     2
Armor: Skin              |     6 |     3 |     4 |    31 ||    44
Dodge: Dodged            |    33 |    44 |    83 |   218 ||   378
